 Dungeon Crawl Stone Soup version 0.29-a0-393-g47a863cc1b (webtiles) character file.

Game seed: 8799821411631298079

23 gamerman3 the Skirmisher (level 2, -3/25 HPs)
             Began as a Palentonga Fighter on May 10, 2022.
             Slain by a shadow imp (4 damage)
             ... summoned by Natasha
             ... on level 3 of the Dungeon.
             The game lasted 00:19:50 (771 turns).

gamerman3 the Skirmisher (Palentonga Fighter)        Turns: 771, Time: 00:19:51

Health: -3/25      AC:  9    Str: 19    XL:     2   Next: 72%
Magic:  2/2        EV:  6    Int:  8    God:
Gold:   36         SH: 13    Dex: 11    Spells: 1/1 levels left

rFire   . . .      SeeInvis +   a - +0 long sword
rCold   . . .      Faith    .   k - +0 kite shield
rNeg    . . .      Spirit   .   b - +0 scale mail
rPois   .          Reflect  +   n - +2 helmet
rElec   +          Harm     .   (no cloak)
rCorr   .          Rampage  .   (no gloves)
Will    .....                   (no barding)
Stlth   ++........              g - amulet of reflection
HPRegen 0.08/turn               (no ring)
MPRegen 0.08/turn               (no ring)

@: slowed, very slow
A: large, rugged brown scales 3, see invisible, deformed body, roll 1, armoured
tail, thin skeletal structure 1, camouflage 1, electricity resistance, wild
magic 1
a: Rolling Charge


You were on level 3 of the Dungeon.
You visited 1 branch of the dungeon, and saw 3 of its levels.

You collected 36 gold pieces.

Inventory:

Hand Weapons
 a - a +0 long sword (weapon)
 e - a +0 whip
 f - a +0 dagger
 j - a +0 hunting sling
Missiles
 p - 45 stones (quivered)
Armour
 b - a +0 scale mail (worn)
 k - a +0 kite shield (worn)
 n - a +2 helmet (worn)
Jewellery
 g - an amulet of reflection (around neck)
Scrolls
 d - a scroll of magic mapping {unknown}
 h - 2 scrolls of blinking {unknown}
 i - a scroll of identify {unknown}
 m - a scroll of acquirement {unknown}
Potions
 l - a potion of might


   Skills:
 + Level 3.3 Fighting
 + Level 2.1 Long Blades
 + Level 2.8 Armour
 + Level 2.6 Shields


You had one spell level left.
You didn't know any spells.
Your spell library contained the following spells:

 Spells                   Type           Power      Damage    Failure   Level
 Sublimation of Blood     Necr           0%         N/A       99%         2
 Gell's Gravitas          Tloc           0%         N/A       100%        3
 Ozocubu's Armour         Ice            0%         N/A       100%        3
 Teleport Other           Tloc           0%         N/A       100%        3
 Petrify                  Tmut/Erth      0%         N/A       100%        4
 Irradiate                Conj/Tmut      0%         3d13      100%        5
 Metabolic Englaciation   Hex/Ice        0%         N/A       100%        5
 Dispersal                Tloc           0%         N/A       100%        6
 Simulacrum               Ice/Necr       0%         N/A       100%        6


Dungeon Overview and Level Annotations

Branches:
Dungeon (3/15)

Altars:

Annotations:
D:3 Natasha


Innate Abilities, Weirdness & Mutations

You are completely covered in rugged brown scales. (AC +3, +7% HP)
You have supernaturally acute eyesight. (SInv)
Armour fits poorly on your strangely shaped body.
You can roll at nearby foes to attack.
You have a long armoured tail.
You have a somewhat thin skeletal structure. (Dex +2, Stealth+)
Your skin changes colour to match your surroundings (Stealth+).
You are resistant to electric shocks. (rElec)
Your spells are a little harder to cast, but a little more powerful.


Message History

You block the endoplasm's attack. You block the orc's attack.
The kobold hits you but does no damage. Natasha claws you but does no damage.
The endoplasm attacks as you move away! You block the endoplasm's attack.
The kobold attacks as you move away! You block the kobold's attack.
Found a stone staircase leading down.
You block Natasha's attack.
You hit Natasha but do no damage.
Natasha is heavily wounded.
You block the kobold's attack.
Natasha mumbles some strange words.
You block the orc's attack. The endoplasm freezes you.
You are frozen.
The orc hits you but does no damage. The endoplasm freezes you.
You are frozen.
You block the kobold's attack.
Natasha stares at you and mumbles some strange words.
The magic dart hits you.
* * * LOW HITPOINT WARNING * * *
You hit Natasha.
Your tail-slap misses Natasha.
Natasha is severely wounded.
The orc hits you but does no damage. You block the kobold's attack.
The endoplasm freezes you.
You are frozen.
* * * LOW HITPOINT WARNING * * *
You block Natasha's attack.
The shadow imp hits you but does no damage.
The kobold attacks as you move away! You block the kobold's attack.
The orc attacks as you move away! The orc closely misses you.
The endoplasm hits you but does no damage.
The shadow imp closely misses you. The orc attacks as you move away!
You block the orc's attack. The orc barely misses you.
You block the shadow imp's attack.
Natasha stares at you and mumbles some strange words.
You feel yourself slow down. The orc hits you with a +0 flail.
* * * LOW HITPOINT WARNING * * *
The kobold hits you but does no damage. The shadow imp barely misses you.
There is a stone staircase leading up here.
There are no items here.
You block the orc's attack. You block the kobold's attack.
The shadow imp hits you.
You die...

.....o.##.# ..#.
#o ######
###......##
#####..!...#...
..............
#...........
#######.o.........
......oh5o......$.
#######@oJ........
#.K.........
#.......$...
##..........
##.....##..
####### #


You could see an orc wizard (invisible), Natasha, a shadow imp (summoned), 3
orcs, an endoplasm and a kobold.

Vanquished Creatures
  2 dart slugs
  3 ball pythons (D:1)
  2 endoplasms (D:2)
  A goblin (D:1)
  2 hobgoblins
  2 kobolds
  A quokka (D:2)
  2 bats (D:1)
  2 frilled lizards (D:1)
17 creatures vanquished.

Notes
Turn   | Place    | Note
-------+----------+-------------------------------------------
     0 | D:1      | gamerman3 the Palentonga Fighter began the quest for the
                  | Orb.
     0 | D:1      | Reached XP level 1. HP: 19/19 MP: 1/1
   145 | D:1      | Reached XP level 2. HP: 23/25 MP: 2/2
   411 | D:2      | Gained mutation: Your spells are a little harder to cast,
                  | but a little more powerful. [potion of mutation]
   411 | D:2      | Gained mutation: You have a somewhat thin skeletal
                  | structure. (Dex +2, Stealth+) [potion of mutation]
   411 | D:2      | Gained mutation: Your skin changes colour to match your
                  | surroundings (Stealth+). [potion of mutation]
   411 | D:2      | Gained mutation: You are resistant to electric shocks.
                  | (rElec) [potion of mutation]
   602 | D:2      | Found a faded altar of an unknown god.
   758 | D:3      | Noticed Natasha
   770 | D:3      | HP: 1/25 [orc/+0 flail (2)]
   771 | D:3      | Slain by a shadow imp

Illustrated notes

Levels and vault maps discovered:
D:1:      dpeg_arrival_chambers_temple_mockup, layout_basic
D:2:      layout_basic, shapermc_ecumenical_altar_acropolis,
          mrwooster_statue_mirror
D:3:      layout_rooms, uniq_ijyb, uniq_natasha, uniq_terence

Action                   || total
-------------------------++-------
Melee: Long sword        ||    50
       Tailslap          ||     5
  Use: Potion            ||     2
Armor: Scale mail        ||    33
Dodge: Dodged            ||    24
Block: Buckler           ||    11
       Kite shield       ||    24
       Reflection        ||     2

Table legend: (Time is in decaauts)
 A = Elapsed time spent in this place.
 B = Non-inter-level travel time spent in this place.
 C = Inter-level travel time spent in this place.
 D = Time resting spent in this place.
 E = Time spent auto-exploring this place.
 F = Levels seen in this place.
 G = Mean time per level.
                   A        B        C        D        E       F      G
               +--------+--------+--------+--------+--------+-----+--------+
         Total |    789 |    249 |    540 |      0 |      0 |   3 |  263.0 |
       Dungeon |    789 |    249 |    540 |      0 |      0 |   3 |  263.0 |
               +--------+--------+--------+--------+--------+-----+--------+

Top non-repeatable levels by time:
     D:2: 555 daAuts
     D:1: 216 daAuts
     D:3: 17 daAuts
